 Dungeon Crawl Stone Soup version 0.26.0-18-gc5c842f807 (webtiles) character file.

Game seed: 11625503290647667432

3133 thiole the Covert (level 9, -2/46 HPs)
             Began as a Gargoyle Ice Elementalist on Jan 23, 2021.
             Was an Initiate of Gozag.
             Slain by a scorpion (4 damage)
             ... on level 7 of the Dungeon.
             The game lasted 00:21:42 (7672 turns).

thiole the Covert (Gargoyle Ice Elementalist)       Turns: 7672, Time: 00:21:43

Health: -2/46      AC: 10    Str: 13      XL:     9   Next: 92%
Magic:  3/20       EV: 12    Int: 22      God:    Gozag
Gold:   362        SH:  0    Dex:  8 (10) Spells: 11/22 levels left

rFire    . . .     SeeInvis .   i - +3 long sword of Hubris {flame, rC+ Stlth+}
rCold    + . .     Faith    .   (no shield)
rNeg     + . .     Spirit   .   a - +2 robe
rPois    ∞         Reflect  .   (no helmet)
rElec    +         Harm     .   (no cloak)
rCorr    .         Rampage  .   (no gloves)
Will     .....     Rnd*Rage +   (no boots)
Stlth    +++++.....             (no amulet)
HPRegen  0.15/turn              k - +6 ring of intelligence
MPRegen  0.17/turn              (no ring)

@: berserk cooldown, slowed, very slow
A: hooves 1, [berserk 2], [blurry vision 3], [deterioration 2], [dopey 1],
[frail 1], mutation resistance 1, negative energy resistance 1, screaming 1[+2],
electricity resistance, unbreathing, petrification resistance, miasma immunity,
AC +6
a: Renounce Religion, Potion Petition, Call Merchant, Bribe Branch


You were on level 7 of the Dungeon.
You worshipped Gozag.
Gozag was aware of your devotion.
You visited 1 branch of the dungeon, and saw 7 of its levels.
You visited the Abyss 1 time.

You collected 1123 gold pieces.
You paid 761 gold pieces to Gozag.

Inventory:

Hand Weapons
 g - a +1 dagger of freezing
 i - the +3 long sword of Hubris (weapon) {flame, rC+ Stlth+}
   (You found it on level 5 of the Dungeon)

   It has been specially enchanted to burn those struck by it, causing extra
   injury to most foes and up to half again as much damage against particularly
   susceptible opponents.
   Big, fiery blades are also staple armaments of hydra-hunters.
   It protects you from cold.
   It makes you more stealthy.
Armour
 a - a +2 robe (worn)
Jewellery
 k - a +6 ring of intelligence (left hand)
 l - a cursed -4 ring of strength {unknown}
Wands
 h - a wand of flame (29)
 o - a wand of iceblast (3)
Scrolls
 b - 4 scrolls of teleportation
 c - a scroll of fog
 d - a scroll of enchant armour
 e - a scroll of amnesia {unknown}
 j - a scroll of fear {unknown}
 m - 6 scrolls of remove curse {unknown}
 n - 3 scrolls of blinking {unknown}
 q - a scroll of immolation {unknown}
 r - 4 scrolls of enchant weapon {unknown}
 s - 2 scrolls of magic mapping {unknown}
Potions
 f - 2 potions of magic
 p - a potion of brilliance


   Skills:
 + Level 4.1 Fighting
 - Level 1.5 Dodging
 + Level 9.5 Stealth
 + Level 7.4 Spellcasting
 * Level 8.0 Ice Magic


You had 11 spell levels left.
You knew the following spells:

 Your Spells              Type           Power        Failure   Level
a - Freeze                Ice            100%         1%          1
b - Frozen Ramparts       Ice            86%          1%          3
c - Ozocubu's Armour      Ice            43%          1%          3
d - Summon Ice Beast      Ice/Summ       25%          16%         4

Your spell library contained the following spells:

 Spells                   Type           Power        Failure   Level
 Hailstorm                Conj/Ice       25%          16%         4


Dungeon Overview and Level Annotations

Branches:
Dungeon (7/15)             Temple (0/1) D:5

Altars:
Ashenzari
Cheibriados
Fedhas
Gozag
Kikubaaqudgha
Qazlal
Xom
The Shining One

Shops:
D:5 *


Innate Abilities, Weirdness & Mutations

You are resistant to torment.
Your stone body is resilient. (AC +6)
You are immune to poison.
You resist negative energy. (rN+)
You are resistant to electric shocks. (rElec)
You can survive without breathing.
You are immune to petrification.
You are immune to miasma.
You have large cloven feet.
You are somewhat resistant to further mutation.
[You often lose your temper in combat.]
[Scrolls take you much longer to read.]
[Your body often deteriorates upon taking damage.]
[You are dopey. (Int -2)]
[You are frail. (-10% HP)]
[You frequently scream uncontrollably at your foes.]


Message History

You pass through the gate.
Welcome back to the Dungeon!
You feel your anger nearly subside.
You are no longer berserk.
You are exhausted.
You feel yourself slow down. The scorpion stings you.
* * * LOW HITPOINT WARNING * * *
Your body deteriorates!
You feel clumsy.
You see here 7 gold pieces.
Aiming: Throw Flame
Press: ? - help, Shift-Dir - straight line, f - scorpion
Aim: a scorpion (32% to evade)
The puff of flame hits the scorpion.
The scorpion is moderately wounded.
The scorpion stings you!
* * * LOW HITPOINT WARNING * * *
Your body deteriorates!
You feel clumsy. The scorpion barely misses you. The scorpion stings you.
You die...
Your body crumbles into a pile of gold.

..........#......
..........#.........
..........##...# ..#
#........##...##..###
#...............(....
+....................
#..............g.....
#............$s......
#...###'####$@####. $
## #......#..#
#......#....#
#......#....#
#......#....#
#......#....# .
#......#....#
#......#....#
##......#######
##########


You could see a gnoll sergeant and a scorpion.

Vanquished Creatures
  A wretched star (Abyss:2)
  An ancient zyme (Abyss:2)
  3 raiju (Abyss:2)
  Sigmund (D:4)
  A chaos spawn (Abyss:2)
  A sky beast (D:7)
  5 centaurs
  A big kobold (D:7)
  A scorpion (D:5)
  3 wights (D:6)
  4 hounds
  An orc priest (D:6)
  2 orc wizards (D:6)
  A bullfrog skeleton (D:5)
  Ijyb (D:3)
  Jessica (D:2)
  2 iguanas
  Natasha (twice) (D:2)
  4 worker ants
  A hound skeleton (D:4)
  2 worker ant zombies
  5 gnolls (D:7)
  6 adders
  A shadow imp (D:5)
  3 white imps
  2 ufetubi (D:5)
  An ooze (D:5)
  2 adder zombies
  3 adder skeletons
  2 worms
  4 leopard geckos
  20 orcs
  A ball python (D:1)
  9 giant cockroaches
  6 goblins
  5 hobgoblins
  3 jackals (D:1)
  5 quokkas
  9 bats
  4 frilled lizards
  9 kobolds
  A quokka zombie (D:5)
  18 rats
158 creatures vanquished.

Vanquished Creatures (others)
  A plant (D:5)
1 creature vanquished.

Grand Total: 159 creatures vanquished

Notes
Turn   | Place    | Note
-------+----------+-------------------------------------------
     0 | D:1      | thiole the Gargoyle Ice Elementalist began the quest for
                  | the Orb.
     0 | D:1      | Reached XP level 1. HP: 10/10 MP: 3/3
   224 | D:1      | Reached XP level 2. HP: 15/15 MP: 1/5
   638 | D:1      | Reached XP level 3. HP: 19/19 MP: 4/6
   642 | D:1      | Learned a level 3 spell: Frozen Ramparts
  1026 | D:2      | Noticed Jessica
  1033 | D:2      | Killed Jessica
  1034 | D:2      | Reached skill level 3 in Stealth
  1141 | D:2      | Reached XP level 4. HP: 16/24 MP: 0/7
  1350 | D:2      | Noticed Natasha
  1355 | D:2      | Killed Natasha
  1356 | D:2      | Reached skill level 5 in Ice Magic
  1425 | D:2      | Found an opulent altar of Gozag.
  1433 | D:2      | Became a worshipper of Gozag Ym Sagoz the Greedy
  1799 | D:2      | Found a snail-covered altar of Cheibriados.
  2026 | D:2      | Noticed Natasha
  2032 | D:2      | Killed Natasha
  2033 | D:2      | Reached XP level 5. HP: 23/28 MP: 4/9
  2190 | D:3      | Found an ancient bone altar of Kikubaaqudgha.
  2409 | D:3      | Noticed Ijyb
  2433 | D:3      | Killed Ijyb
  2953 | D:3      | Found a stormy altar of Qazlal.
  3090 | D:4      | Reached skill level 4 in Stealth
  3090 | D:4      | Reached XP level 6. HP: 27/32 MP: 6/11
  3460 | D:4      | Noticed Sigmund
  3470 | D:4      | Killed Sigmund
  3471 | D:4      | Reached skill level 5 in Stealth
  3471 | D:4      | Reached XP level 7. HP: 20/36 MP: 5/13
  3683 | D:4      | Found a broken altar of Ashenzari.
  3846 | D:5      | Entered Level 5 of the Dungeon
  4172 | D:5      | Reached skill level 6 in Stealth
  4691 | D:5      | Found a shimmering altar of Xom.
  4732 | D:5      | Reached skill level 5 in Spellcasting
  4734 | D:5      | HP: 1/36 [centaur (3)]
  4745 | D:5      | HP: 1/54 [centaur (1)]
  5143 | D:5      | Found a staircase to the Ecumenical Temple.
  5150 | D:5      | Found Xutemuqa's Assorted Antiques.
  5158 | D:5      | Got a crystal long sword
  5159 | D:5      | Identified the +3 long sword of Hubris {flame, rC+ Stlth+}
                  | (You found it on level 5 of the Dungeon)
  5264 | D:5      | Reached skill level 7 in Stealth
  5264 | D:5      | Reached XP level 8. HP: 38/41 MP: 16/16
  6061 | D:6      | Found a blossoming altar of Fedhas.
  6125 | D:6      | HP: 2/41 [worker ant (3)]
  6483 | D:6      | Reached skill level 8 in Stealth
  6640 | D:6      | Learned a level 3 spell: Ozocubu's Armour
  6908 | D:6      | Found a glowing golden altar of the Shining One.
  7223 | D:7      | Reached skill level 1 in Fighting
  7320 | D:7      | Learned a level 4 spell: Summon Ice Beast
  7356 | D:7      | Reached XP level 9. HP: 44/48 MP: 15/18
  7358 | D:7      | Cast into level 2 of the Abyss (gnoll sergeant)
  7424 | Abyss:2  | HP: 2/49 [raiju/living lightning (1)]
  7425 | Abyss:2  | Gained mutation: [You occasionally shout uncontrollably at
                  | your foes.] [potion of mutation]
  7425 | Abyss:2  | Gained mutation: You are somewhat resistant to further
                  | mutation. [potion of mutation]
  7425 | Abyss:2  | Gained mutation: You have large cloven feet. [potion of
                  | mutation]
  7432 | Abyss:2  | Reached skill level 9 in Stealth
  7523 | Abyss:2  | Found a corrupted altar of Lugonu.
  7607 | Abyss:2  | Noticed a smoke demon
  7630 | Abyss:2  | Noticed a wretched star
  7652 | Abyss:2  | Noticed an ancient zyme
  7659 | Abyss:2  | Killed a wretched star
  7665 | Abyss:2  | Killed an ancient zyme
  7670 | D:7      | Escaped the Abyss
  7671 | D:7      | HP: 2/46 [scorpion (7)]
  7672 | D:7      | Slain by a scorpion

Illustrated notes

Levels and vault maps discovered:
D:1:      dpeg_arrival_prison, layout_rooms
D:2:      layout_basic, grunt_gozag_statues, cheibriados_altar_1, uniq_jessica,
          uniq_natasha
D:3:      layout_rooms, kiku_gazebo_pond_becter,
          nicolae_qazlal_eye_of_the_storm, uniq_ijyb
D:4:      layout_rooms, ashenzari_conservatory_becter, uniq_sigmund
D:5:      layout_basic, overflow_temple_1_default, minmay_temple_entry_waves,
          serial_shops, nicolae_shop_overgrown_old_shop
D:6:      layout_loops_ring, lemuel_crystal_altar, fedhas_ov_isle_minmay,
          minmay_misc_feat_columns
D:7:      layout_gridville

Skill      XL: |  1  2  3  4  5  6  7  8  9 |
---------------+----------------------------+-----
Stealth        | 3 4 5 7 8 9 |  9.5
Ice Magic      | 5 6 8 |  8.0
Spellcasting   | 3 4 5 6 7 |  7.4
Fighting       | 1 4 |  4.1
Dodging        | |  1.5

Action                   |  1- 3 |  4- 6 |  7- 9 || total
-------------------------+-------+-------+-------++-------
Melee: Unarmed           |    11 |       |       ||    11
       Dagger            |       |    29 |    64 ||    93
       Long sword        |       |       |   187 ||   187
       Kick              |       |       |     1 ||     1
 Cast: Freeze            |    44 |   103 |    41 ||   188
       Frozen Ramparts   |       |     1 |    11 ||    12
       Ozocubu's Armour  |       |       |     4 ||     4
       Summon Ice Beast  |       |       |     1 ||     1
Invok: Potion Petition   |       |       |     1 ||     1
Evoke: Wand              |       |       |     4 ||     4
  Use: Potion            |       |     1 |     6 ||     7
       Scroll            |       |     2 |     7 ||     9
 Stab: Sleeping          |       |       |    11 ||    11
       Distracted        |       |       |     2 ||     2
Armor: Robe              |    14 |    42 |   108 ||   164
       Skin              |       |       |    16 ||    16
Dodge: Dodged            |    26 |    68 |   167 ||   261
       Rpst.: Long sword |       |       |    43 ||    43
